AoeStats
← TheQuietRiot

Arena

508746240Analyzed
1v1 RM · 8d ago on Sep 23, 2026· 21m 30s· 2 players
Game mode
Random Map
Map size
Tiny (2 player)
Population
200
Speed
Normal
Resources
Standard
Victory
Conquest
Starting age
Dark Age
Ending age
Imperial Age
RankedLock teamsTeams togetherTeam positionsShared explorationLock speedFull tech treeHidden civsTurbo modeCheats
Victory
Defeat
🇬🇧 Saxons · United Kingdom
972
+17
🇵🇪 Hindustanis · Peru
996
-17
TheQuietRiot
9:53 Feudal Age
8:14 Loom
12:55 Double-Bit Axe
15:30 Castle Age
13:42 Horse Collar
17:45 Forging
20:53 Scale Mail Armor
20:52 Fletching
pierozpermato
9:48 Feudal Age
10:20 Loom
14:20 Castle Age
13:08 Double-Bit Axe
Connection lost

Rejoining the realm…

Still unreachable

The connection could not be restored.

Session expired

The server has moved on; the page needs a fresh start.